Workbook

Sheet PLACOT_VI
C1: Obra: LABORATORIO DE CONTROL DE CALIDAD Y AMPLICION DE DEPENDENCIAS PARA PERSONAL DE MATERIAL RODANTE EN VICTORIA PCIA DE BA.
C2: LMT_OC_086
C3: PLANILLA DE COTIZACION
B5: ITEM | C5: DESCRIPCION | D5: U/Medida | E5: Cantidad | F5: Precio Unitario | G5: Actualización | H5: Precio Total | I5: Subtotal Ítem | K5: VALORE DE REFERENCIA
K6: FUENTE | L6: RUBRO | M6: AÑO/FECHA
B7: 21.1 | C7: TAREAS PRELIMINARES | I7: =+H8+H9+H10 -> 153772.7 | K7: =I7/$I$125 -> 0.038881526
B8: 21.1.1 | C8: Demoliciones y retiro de producido | D8: m3 | E8: 15 | F8: 378.18 | G8: 1 | H8: =+F8*E8*G8 -> 5672.7 | K8: Revista Vivienda | L8: 558 MOVIMIENTO SUELOS
B9: 21.1.2 | C9: Proyecto ejecutivo y Memoria Tecnica (Incluye replanteo) | D9: Gl. | E9: 1 | F9: 110000 | G9: 1 | H9: =+F9*E9*G9 -> 110000 | L9: ESTIMADO 3% DEL VALOR DEL CONTRATO
B10: 21.1.3 | C10: Obrador, vallado y señalizacion. | D10: Gl. | E10: 1 | F10: =7620*5 -> 38100 | G10: 1 | H10: =+F10*E10*G10 -> 38100 | K10: Revista Vivienda | L10: 182 OBRADOR 0080
B11: 21.2 | C11: MOVIMIENTOS DE SUELOS | I11: =SUM(H12:H12) -> 12378.3 | K11: =+I11/$I$125 -> 0.0031298611
B12: 21.2.1 | C12: Excavacion / Zanjeo para fundaciones | D12: m3 | E12: 30 | F12: 412.61 | G12: 1 | H12: =+F12*E12*G12 -> 12378.3 | K12: Revista vivienda | L12: 558 MOV SUELOS
B13: 21.3 | C13: HORMIGON ARMADO / CONTRAPISO | I13: =SUM(H15:H22) -> 668004.44 | K13: =I13/I125 -> 0.16890535
B14: 21.3.1 | C14: ESTRUCTURA RESISTENTE
B15: 21.3.1.1 | C15: Bases (Incluye estudio de suelos y memoria de caluculo) | D15: m3 | E15: 10 | F15: =7133.71+3552.12 -> 10685.83 | G15: 1 | H15: =+F15*E15*G15 -> 106858.3 | K15: Revista Vivienda | L15: 544 HORMIGONES 0330 | M15: 43282
B16: 21.3.1.2 | C16: Vigas de Fundacion (Incluye presntacion de memoria de calculo) | D16: m3 | E16: 6 | F16: 19262.67 | G16: 1 | H16: =+F16*E16*G16 -> 115576.02 | K16: Revista Vivienda | L16: 544 HORMIGONES 0290 | M16: 43282
B17: 21.3.1.3 | C17: Columnas (Incluye presntacion de memoria de calculo) | D17: m3 | E17: 6 | F17: 14113.67 | G17: 1 | H17: =+F17*E17*G17 -> 84682.02 | K17: Revista Vivienda | L17: 544 HORMIGONES 0410 | M17: 43282
B18: 21.3.1.4 | C18: Vigas (Incluye presntacion de memoria de calculo) | D18: m3 | E18: 8 | F18: 19247.57 | G18: 1 | H18: =+F18*E18*G18 -> 153980.56 | K18: Revista Vivienda | L18: 544 HORMIGONES 0350 | M18: 43282
B19: 21.3.1.5 | C19: Losas entrepiso (Incluye presntacion de memoria de calculo) | D19: m3 | E19: 11.5 | F19: 12439.04 | G19: 1 | H19: =+F19*E19*G19 -> 143048.96 | K19: Revista Vivienda | L19: 544 HORMIGONES 0370 | M19: 43282
B20: 21.3.1.7 | C20: Platea de Acceso de Hormigon | D20: m3 | E20: 1.2 | F20: 10685.83 | G20: 1 | H20: =+F20*E20*G20 -> 12822.996 | K20: Revista Vivienda | L20: 544 HORMIGONES 0330 | M20: 43282
B21: 21.3.1.8 | C21: Escalera (Incluye presentacion de memoria de calculo) | D21: esc | E21: 22 | F21: 2164.66 | G21: 1 | H21: =+F21*E21*G21 -> 47622.52 | K21: Revista Vivienda | L21: 534 Hormigones 0220 | M21: 43282
B22: 21.3.1.6 | C22: Contrapisos de hormigon de cascotes (Incluye presntacion de memoria de calculo) | D22: m3 | E22: 14 | F22: 243.79 | G22: 1 | H22: 3413.06 | K22: Revista vivienda | L22: 522 CONTRAPISO 0040 | M22: 43282
B23: 21.4 | C23: MAMPOSTERIA | I23: =SUM(H24:H26) -> 337668 | K23: =I23/$I$125 -> 0.085379571
B24: 21.4.1 | C24: Mamposteria de bloques de hormigon | D24: m2 | E24: 285 | F24: 892.7 | G24: 1 | H24: =+F24*E24*G24 -> 254419.5 | K24: Revista vivienda | L24: 554 mamposteria 0270 | M24: 43282
B25: 21.4.2 | C25: Mamposteria de 12cm de espesor ladrillo ceramico hueco | D25: m2 | E25: 120 | F25: 554.79 | G25: 1 | H25: =+F25*E25*G25 -> 66574.8 | K25: Revista Vivienda | L25: 554 mamposteria 0150 | M25: 43282
B26: 21.4.3 | C26: Mamposteria de 8 cm de esp de ladrillo ceramico hueco | D26: m2 | E26: 30 | F26: 555.79 | G26: 1 | H26: =+F26*E26*G26 -> 16673.7 | K26: Revista vivienda | L26: 554 mamposteria 0130 | M26: 43282
B27: 21.5 | C27: AISLACIONES HIDROFUGAS | I27: =SUM(H28:H29) -> 10958 | K27: =I27/$I$125 -> 0.0027707373
B28: 21..5.1 | C28: Cajón Hidrofugos en muros | D28: m2 | E28: 50 | F28: 177.91 | G28: 1 | H28: =+F28*E28*G28 -> 8895.5 | K28: Revista Vivienda | L28: 508 CAPAS AISLADORAS 0020 | M28: 43282
B29: 21..5.2 | C29: Aislacion hidrofuga Horizontal (Film 200 µm) | D29: m2 | E29: 100 | F29: =13.75*1.5 -> 20.625 | G29: 1 | H29: =+F29*E29*G29 -> 2062.5 | L29: https://articulo.mercadolibre.com.ar/MLA-651701972-rollo-50-mt-nylon-polietileno-negro-200-micrones-4-mt-ancho-_JM
B30: 21.6 | C30: CUBIERTAS | I30: =SUM(H31:H32) -> 221900.27 | K30: =I30/$I$125 -> 0.056107626
B31: 21.6.1 | C31: De perfiles de hierro laminado y chapa galvanizada ondulada tipo cincalum | D31: m2 | E31: 90 | F31: =1806.27*1.3 -> 2348.151 | G31: 1 | H31: =+F31*E31*G31 -> 211333.59 | K31: Revista Vivienda | L31: 536 ESTRUCTURAS 0050 | M31: 43282
B32: 21.6.2 | C32: Desagüe pluvial | D32: gl | E32: 1 | F32: =0.05*H31 -> 10566.68 | G32: 1 | H32: =+F32*E32*G32 -> 10566.68 | K32: 5% de estructuras de cubierta metalica
B33: 21.7 | C33: DESAGÚES Y DRENAJES | I33: =SUM(H34:H34) -> 1452.618 | K33: =I33/$I$125 -> 0.00036729539
B34: 21.7.1 | C34: Perfilado de zanja | D34: m3 | E34: =10*0.3*0.6 -> 1.8 | F34: 807.01 | G34: 1 | H34: =+F34*E34*G34 -> 1452.618 | K34: Revista ViVienda | L34: c1 558 MOVI. SUELOS 0310 | M34: 43282
B35: 21.8 | C35: REVOQUES | I35: =SUM(H36:H38) -> 260821.34 | K35: =I35/$I$125 -> 0.065948843
B36: 21.8.1 | C36: Impermeable | D36: m2 | E36: 260 | F36: 109.38 | G36: 1 | H36: =F36*E36 -> 28438.8 | K36: Revista ViVienda | L36: 578 REVOQUES 0070 | M36: 43282
B37: 21.8.2 | C37: Jaharro | D37: m2 | E37: 502 | F37: 234.72 | G37: 1 | H37: =E37*F37 -> 117829.44 | K37: Revista ViVienda | L37: 578 REVOQUES 0130 | M37: 43282
B38: 21.8.3 | C38: Enlucido | D38: m2 | E38: 470 | F38: 243.73 | G38: 1 | H38: =+F38*E38*G41 -> 114553.1 | K38: Revista ViVienda | L38: 578 REVOQUES 0240 | M38: 43282
B39: 21.9 | C39: CONSTRUCCCION EN SECO | I39: =SUM(H41)+H43 -> 120969.3 | K39: =I39/I125 -> 0.030587165
C40: CIELORRASO
B41: 21.9.1 | C41: Cielorraso desmontable | D41: m2 | E41: 120 | F41: 432.64 | G41: 1 | H41: =+F41*E41*G41 -> 51916.8 | K41: Revista Vivienda | L41: 521 construccion en seco 0300 | M41: 43282
C42: TABIQUES
B43: 21.9.1 | C43: Tabique divisorio de vidrio | D43: m2 | E43: =4.65*3.3 -> 15.345 | F43: 4500 | G43: 1 | H43: =+F43*E43*G43 -> 69052.5 | K43: Mercado Libre | M43: 43282
B44: 21.10 | C44: REVESTIMIENTOS | I44: =SUM(H45:H46) -> 26155.65 | K44: =I44/$I$125 -> 0.0066134729
B45: 21.10.1 | C45: Provision y Colocacion de revestimiento ceramico en locales humedos. San Lorenzo 30 x 40 Moro Hueso | D45: m2 | E45: 40 | F45: =(199.45*1.4)+189 -> 468.23 | G45: 1 | H45: =+F45*E45*G45 -> 18729.2 | K45: Me + Revista Vivienda | L45: 576 REVESTIMIENTOS 560 | M45: 43282
B46: 21.10.2. | C46: Espejo 4 mm templado | D46: m2 | E46: 5 | F46: 1485.29 | G46: 1 | H46: =+F46*E46*G46 -> 7426.45 | K46: Revista Vivienda | L46: 234 VIDRIOS CRISTALES Y ESPEJOS 0700 | M46: 43282
B47: 21.11 | C47: SOLADOS | I47: =SUM(H48:H49) -> 81235.122 | K47: =I47/$I$125 -> 0.020540353
B48: 21.11.1 | C48: Povision y colocacion de porcellanato de 60x60cm | D48: m2 | E48: 31 | F48: =(348.33*1.4)+189 -> 676.662 | G48: 1 | H48: =+F48*E48*G48 -> 20976.522 | K48: Revista Vivienda | L48: 196 PISOS 0862 / 576 REVESTIMIENTOS 0560 | M48: 43282
B49: 21.11.2 | C49: Solado cemento alisado o cilindrado 1°capa (1:3) de 2 cm, 2° capa(1:2) de 5 mm. 3° capa alisada con cemento puro, | D49: un | E49: 180 | F49: 334.77 | G49: 1 | H49: =+F49*E49*G49 -> 60258.6 | K49: Rtevista Vivienda | L49: 568 pisos 0450 | M49: 43282
B50: 21.12 | C50: ZOCALOS | I50: =SUM(H51) -> 7699.71 | K50: =I50/$I$125 -> 0.0019468766
B51: 21.12.1 | C51: Zócalos de porcellanato de 60x10 cm | D51: ml | E51: 23 | F51: 334.77 | G51: 1 | H51: =+F51*E51*G51 -> 7699.71 | K51: Revista Vivienda | L51: REV VIV 568 pisos | M51: 43282
B52: 21.13 | C52: CARPINTERÍA | I52: =SUM(H53:H63)+I53 -> 302162.57 | K52: =I52/I125 -> 0.076402
B53: 21.13.1 | C53: Provision y colocacion P01 salida de emergencia metalica contrafuego F60 | D53: un | E53: 2 | F53: =7079.6*1.2 -> 8495.52 | G53: 1 | H53: =+F53*E53*G53 -> 16991.04 | J53: 0.04 | K53: Revista Vivienda | L53: 66CARPINTERIA 0054 | M53: 43282
B54: 21.13.2 | C54: Provision y colocacion P02 Porton de Laboratorio | D54: un | E54: 1 | F54: =(7.44*3500/1.89)*1.2 -> 16533.333 | G54: 1 | H54: =+F54*E54*G54 -> 16533.333 | K54: Revista Vivienda | L54: proporcional item anterior | M54: 43282
B55: 21.13.3 | C55: Provision y colocacion P03 puerta bajo escalera | D55: un | E55: 1 | F55: =4650*1.2 -> 5580 | G55: 1 | H55: =+F55*E55*G55 -> 5580 | K55: Revista Vivienda | L55: 66CARPINTERIA 0040 | M55: 43282
B56: 21.13.4 | C56: Provision y colocacion P04 puerta placa retrete corta 0.70 x 1,60 | D56: un | E56: 4 | F56: =1500*1.2 -> 1800 | G56: 1 | H56: =+F56*E56*G56 -> 7200 | K56: Mercado Libre | M56: 43282
B57: 21.13.5 | C57: Provision y colocacion P05 puerta placa | D57: un | E57: 7 | F57: =1243*1.2 -> 1491.6 | G57: 1 | H57: =+F57*E57*G57 -> 10441.2 | K57: Revista Vivienda | L57: 66 CARP /1240 | M57: 43282
B58: 21.13.6 | C58: Provision y colocacion de V1 Ventiluz 60 x 900 | D58: un | E58: 13 | F58: =2907.44*1.2 -> 3488.928 | G58: 1 | H58: =+F58*E58*G58 -> 45356.064 | K58: Revista Vivienda | L58: 66 CARP 910 | M58: 43282
B59: 21.13.7 | C59: Provision y colocacion V2 90x 100 Oscilovatiente | D59: un | E59: 14 | F59: =3650.41*1.2 -> 4380.492 | G59: 1 | H59: =+F59*E59*G59 -> 61326.888 | K59: Revista Vivienda | L59: 66CARP 1010 | M59: 43282
B60: 21.13.8 | C60: Provision y colocacion de V3 Ventana fija 30 x 90 | D60: un | E60: 14 | F60: =2907.44*1.2 -> 3488.928 | G60: 1 | H60: =+F60*E60*G60 -> 48844.992 | K60: Revista Vivienda | L60: 66 CARP 910 | M60: 43282
B61: 21.13.9 | C61: Provision y colocacion V4 110x 100 Oscilovatiente | D61: un | E61: 4 | F61: =+F59*1.1 -> 4818.5412 | G61: 1 | H61: =+F61*E61*G61 -> 19274.165 | K61: Revista Vivienda | L61: 66CARP 1010
B62: 21.13.10 | C62: Provision y colocacion de V5 Ventana fija 30 x 110 | D62: un | E62: 8 | F62: =2907.44*1.2*1.1 -> 3837.8208 | G62: 1 | H62: =+F62*E62*G62 -> 30702.566 | K62: Revista Vivienda | L62: 66 CARP 910
B63: 21.13.12 | C63: Vidrios 4mm | D63: m2 | E63: 32 | F63: 1247.26 | G63: 1 | H63: =+F63*E63*G63 -> 39912.32 | K63: Revista Vivienda | L63: 234 VIDRIOS CRISTALES Y ESPEJOS 0020 | M63: 43282
B64: 22.14 | C64: INSTALACIÓN ELÉCTRICA | I64: =SUM(H65:H74) -> 498294.91 | K64: =I64/$I$125 -> 0.12599419
B65: 22.14.1 | C65: Nueva instalacion electrica (Incluye Proyecto Ejecutivo, monofasica, trifasica y Ayuda de Gremios) | D65: Gl. | E65: 1 | F65: 30000 | G65: 1 | H65: =+F65*E65*G65 -> 30000
B66: 21.14.2 | C66: Instalacion x bocas | D66: un | E66: 55 | F66: 6809 | G66: 1 | H66: =+F66*E66*G66 -> 374495 | K66: Revista Vivienda | L66: 532 ELECTRICIDAD 0050 | M66: 43282
C67: Artefactos
B68: 21.14.7 | C68: Iluminacion de Emergencia | D68: un | E68: 11 | F68: =564.98*1.3 -> 734.474 | G68: 1 | H68: =+F68*E68*G68 -> 8079.214 | K68: Revista Vivienda | L68: 108 iluminacion y porteria 2610 | M68: 43313
B69: 21.14.8 | C69: kevin etl 500 | D69: un | E69: 23 | F69: =611.65*1.3 -> 795.145 | G69: 1 | H69: =+F69*E69*G69 -> 18288.335 | K69: 'pedidosbsas@lucciola.com.ar' | L69: Arq. Braverman. arq_braverman@yahoo.com.ar | M69: 43313
B70: 21.14.9 | C70: Marca Lucciola modelo Evoluzzione LED (CXD-030) o superior calidad, medidas 47 x 47 cm con louver doble parabólico | D70: un | E70: 6 | F70: =2910.6*1.3 -> 3783.78 | G70: 1 | H70: =+F70*E70*G70 -> 22702.68 | K70: 'pedidosbsas@lucciola.com.ar' | L70: Arq. Braverman. arq_braverman@yahoo.com.ar | M70: 43313
B71: 21.14.10 | C71: Marca Lumenac modelo Marea LED del tipo hermético o superior, con protección de policarbonato traslucido abisagrada al cuerpo. Incluyen tubos LEDs 2x18/20w 4000k. | D71: un | E71: 7 | F71: =770.85*1.3 -> 1002.105 | G71: 1 | H71: =+F71*E71*G71 -> 7014.735 | K71: 'pedidosbsas@lucciola.com.ar' | L71: Arq. Braverman. arq_braverman@yahoo.com.ar | M71: 43313
B72: 21.14.11 | C72: Artefactos de iluminación de embutir en cielorraso en sector oficinas, los cuales serán nuevos y en perfecto estado, marca Lucciola modelo Halley LED (RXD-030) o superior calidad, medidas 60 x 60 cm con louver doble parabólico. Incluye lámpara LED de 30w | D72: un | E72: 8 | F72: =2646*1.3 -> 3439.8 | G72: 1 | H72: =+F72*E72*G72 -> 27518.4 | K72: 'pedidosbsas@lucciola.com.ar' | L72: Arq. Braverman. arq_braverman@yahoo.com.ar | M72: 43313
B73: 21.14.12 | C73: Indicador de salida con lampara led | D73: un | E73: 6 | F73: =708.75*1.3 -> 921.375 | G73: 1 | H73: =+F73*E73*G73 -> 5528.25 | K73: 'pedidosbsas@lucciola.com.ar' | L73: Arq. Braverman. arq_braverman@yahoo.com.ar | M73: 43313
B74: 21.14.13 | C74: Proyector PRL 756 50W | D74: un | E74: 4 | F74: =897.75*1.3 -> 1167.075 | G74: 1 | H74: =+F74*E74*G74 -> 4668.3 | K74: 'pedidosbsas@lucciola.com.ar' | L74: Arq. Braverman. arq_braverman@yahoo.com.ar | M74: 43313
B75: 21.15 | C75: PINTURA | I75: =SUM(H76:H79) -> 299900.14 | K75: =I75/$I$125 -> 0.075829943
B76: 21.15.1 | C76: Látex s Interior (enduido completo 1 mano de fijador y 2 manos de pintura) | D76: m2 | E76: =+E36+E37 -> 762 | F76: 292.22 | G76: 1 | H76: =+F76*E76 -> 222671.64 | K76: Revista Vivienda | L76: REV VIV 566 pintura ITEM 270 | M76: 43282
B77: 21.15.2 | C77: Esmalte sintetico en aberturas, barandas y portones | D77: m2 | E77: 82 | F77: 400 | G77: 1 | H77: =+F77*E77 -> 32800 | K77: Revista Vivienda | L77: REV VIV 566 pintura ITEM 0500 | M77: 43282
B78: 21.15.3 | C78: Impermeabililzacion Ladrilloss exteriores con impregnacion hidrorrepelente tipo Sikaguard 700 s o calidad superior | D78: m2 | E78: 285 | F78: 132.1 | G78: 1 | H78: =+F78*E78 -> 37648.5 | K78: Revista Vivienda | L78: REV VIV 566 pintura ITEM 0350 | M78: 43282
B79: 21.15.4 | C79: Pintura epoxi | D79: m2 | E79: 100 | F79: 67.8 | G79: 1 | H79: =+F79*E79 -> 6780 | K79: Uss 1= $30
B80: 21.16 | C80: EQUIPAMIENTO/ MESADAS | I80: =SUM(H82:H88) -> 92923.938 | K80: =I80/$I$125 -> 0.023495877
C81: Equipamiento
B82: 21.16.1 | C82: Heladera 335 litros | D82: un | E82: 1 | F82: 8263.64 | G82: 1 | H82: =+F82*E82*G82 -> 8263.64 | K82: Revista Vivienda | L82: 114 EQUIPAMIENTO PARA EL HOGAR 0100 | M82: 43282
B83: 21.16.2 | C83: Microondas 23 litros con grill | D83: un | E83: 1 | F83: 3387.61 | G83: 1 | H83: =+F83*E83*G83 -> 3387.61 | K83: Revista Vivienda | L83: 114 EQUIPAMIENTO PARA EL HOGAR 0300 | M83: 43282
B84: 21.16.3 | C84: Extractor | D84: un | E84: 3 | F84: =2335.52*1.3 -> 3036.176 | G84: 1 | H84: =+F84*E84*G84 -> 9108.528 | K84: Revista Vivienda | L84: 117 EXTRACTORES DE AIRE 0020 | M84: 43282
C85: Mesada
B86: 21.16.64 | C86: Mesda de Granito Gris Mara 2,5 m espesor (Incluye traforos) | D86: m2 | E86: 11 | F86: =3349.5+890 -> 4239.5 | G86: 1 | H86: =+F86*E86*G86 -> 46634.5 | K86: Revista VIVIENDA | L86: 166 MARMOLES Y GRANITO 0060 | M86: 43282
B87: 21.16.4.1 | C87: Zocalos y frentines en Ganito Gris Mara | D87: ML | E87: 14 | F87: =3349*0.1 -> 334.9 | G87: 1 | H87: =+F87*E87*G87 -> 4688.6 | K87: Revista VIVIENDA | L87: 167 MARMOLES Y GRANITO 0060 | M87: 43282
B88: 21.16.5 | C88: Muebles bajomesada y alacenas | D88: Ml | E88: =3+2+3.38 -> 8.38 | F88: 2487 | G88: 1 | H88: =+F88*E88*G88 -> 20841.06 | K88: Revista VIVIENDA | L88: 020 AMOBLAMIENTO DE COCINAS 0085 | M88: 43282
B89: 21.17 | C89: INSTALACIÓN SANITARIA | I89: =SUM(H90:H106) -> 328868.54 | K89: =I89/$I$125 -> 0.083154621
B90: 21.17.1 | C90: Nueva instlacion SANITARIA (Incluye Proyecto Ejecutivo)(Incluye pases en losas) (Incluye Ayuda de Gremios) | D90: Gl. | E90: 1 | F90: =39417+120405.59 -> 159822.59 | G90: 1 | H90: =+F90*E90*G90 -> 159822.59 | K90: Revista Vivienda | L90: 580 sanitarios 0110 +0200
B91: 21.17.2 | C91: Tanque de polietileno rotomoldeado tricapa 1000lt (Incluye Colector) | D91: un | E91: 2 | F91: 2254.33 | G91: 1 | H91: =+F91*E91*G91 -> 4508.66 | K91: Revista Vivienda | L91: 218 TANQUES 350 | M91: 43282
B92: 21.17.3 | C92: Termotanque electrico | D92: un | E92: 1 | F92: 57160 | G92: 1 | H92: =+F92*E92*G92 -> 57160 | K92: Mercado libre | L92: https://articulo.mercadolibre.com.ar/MLA-713995612-termotanque-acero-inox-electrico-e-200-litros-electrotermo-_JM
C93: Porcelana Sanitaria y Accesorios B° Damas y Caballeros (Incluye Prov. y Colocación)
B94: 21.17.4 | C94: Inodoro Andina Ferrum o calidad superior Incluye asiento + valvula FV | D94: un | E94: 4 | F94: =1968.72+541.92+1127+3935 -> 7572.64 | G94: 1 | H94: =+F94*E94*G94 -> 30290.56 | K94: Revista Vivienda + mercado Libre | L94: 212 Sanitarios 1750 ITEM 2510 + https://articulo.mercadolibre.com.ar/MLA-603559693-valvula-descarga-inodoro-fv-36801-tecla-dual-36804-_JM | M94: 42917
B95: 21.17.5 | C95: Bacha de A°I° Ovalada | D95: un | E95: 4 | F95: 1367.62 | G95: 1 | H95: =+F95*E95*G95 -> 5470.48 | K95: Mercado libre | L95: https://articulo.mercadolibre.com.ar/MLA-687596372-bacha-bano-ovalada-mi-pileta-acero-inoxidable-codigo-454-_JM
B96: 21.17.6 | C96: Griferia Lavatorio Kansas Plus | D96: un | E96: 4 | F96: 2018 | G96: 1 | H96: =+F96*E96*G96 -> 8072 | K96: Mecado libre | L96: https://articulo.mercadolibre.com.ar/MLA-673030976-juego-de-griferia-para-lavatorio-kansas-plus-20724p-cr-fv-_JM
B97: 21.17.7 | C97: Mingitorio Mural incluye valvula automatica de descarga | D97: un | E97: 2 | F97: =(9938.68+6200)*1.3 -> 20980.284 | G97: 1 | H97: =+F97*E97*G97 -> 41960.568 | K97: Mercado libre | L97: https://articulo.mercadolibre.com.ar/MLA-649596784-ferrum-mingitorio-mural-antivandalico-corto-mmdj-_JM https://articulo.mercadolibre.com.ar/MLA-634217945-valvula-de-descarga-fv-36801-tecla-antivandalica-fv-349-_JM
B98: 21.17.8 | C98: Canilla de Servicio | D98: un | E98: 3 | F98: =336*1.3 -> 436.8 | G98: 1 | H98: =+F98*E98*G98 -> 1310.4 | K98: Mecado libre | L98: https://listado.mercadolibre.com.ar/fv-0436#D[A:FV%200436%20]
B99: 21.17.9 | C99: Griferia de ducha kansas plus | D99: un | E99: 1 | F99: 2384.96 | G99: 1 | H99: =+F99*E99*G99 -> 2384.96 | K99: Revista Vivienda | L99: 212 Sanitarios 022 | M99: 43282
B100: 21.17.10 | C100: Porta Rollo Ceramico | D100: un | E100: 4 | F100: 459.89 | G100: 1 | H100: =+F100*E100*G100 -> 1839.56 | K100: Revista Vivienda | L100: 212 saNITARIOS 2440 | M100: 43282
B101: 21.17.11 | C101: Percha ceramica para empotrar | D101: un | E101: 4 | F101: 334.34 | G101: 1 | H101: =+F101*E101*G101 -> 1337.36 | K101: Revista Vivienda | L101: 212 SANITARIOS 2390 | M101: 43282
...

Sheet GRAFICOS
A2: Participacion Porcentual por Rubro
A4: RUBRO | B4: DESCRIPCION
A7: 1 | B7: TAREAS PRELIMINARES | C7: =+PLACOT_VI!K7 -> 0.038881526
A9: 2 | B9: MOVIMIENTOS DE SUELOS | C9: =+PLACOT_VI!K11 -> 0.0031298611
A11: 3 | B11: HORMIGON ARMADO / CONTRAPISO | C11: =+PLACOT_VI!K13 -> 0.16890535
A13: 4 | B13: MAMPOSTERIA | C13: =+PLACOT_VI!K23 -> 0.085379571 | D13: 0.083603212 | E13: 0.083603212 | F13: 0.083603212 | G13: 0.083603212
A15: 5 | B15: AISLACIONES HIDROFUGAS | C15: =+PLACOT_VI!K27 -> 0.0027707373
A17: 6 | B17: CUBIERTAS | C17: =+PLACOT_VI!K30 -> 0.056107626
A19: 7 | B19: DESAGÚES Y DRENAJES | C19: =+PLACOT_VI!K33 -> 0.00036729539
A21: 8 | B21: REVOQUES | C21: =+PLACOT_VI!K35 -> 0.065948843
A23: 9 | B23: CONSTRUCCCION EN SECO | C23: =+PLACOT_VI!K39 -> 0.030587165
A25: 10 | B25: REVESTIMIENTOS | C25: =+PLACOT_VI!K44 -> 0.0066134729
A27: 11 | B27: SOLADOS | C27: =+PLACOT_VI!K47 -> 0.020540353
A29: 12 | B29: ZOCALOS | C29: =+PLACOT_VI!K50 -> 0.0019468766
A31: 13 | B31: CARPINTERÍA | C31: =+PLACOT_VI!K52 -> 0.076402
A33: 14 | B33: INSTALACIÓN ELÉCTRICA | C33: =+PLACOT_VI!K64 -> 0.12599419
A35: 15 | B35: PINTURA | C35: =+PLACOT_VI!K75 -> 0.075829943
A37: 16 | B37: EQUIPAMIENTO/ MESADAS | C37: =+PLACOT_VI!K80 -> 0.023495877
A39: 17 | B39: INSTALACIÓN SANITARIA | C39: =+PLACOT_VI!K89 -> 0.083154621
A41: 18 | B41: VENTILACION TERMOMECANICA | C41: =+PLACOT_VI!K107 -> 0.027119749
A43: 19 | B43: SISTEMA DE DETECCION DE INCENDIO | C43: =+PLACOT_VI!K110 -> 0.0024273662
A45: 20 | B45: PIPING AIRE COMPRIMIDO | C45: =+PLACOT_VI!K112 -> 0.036012253
A47: 21 | B47: LIMPIEZA GENERAL DE OBRA | C47: =+PLACOT_VI!K117 -> 0.024987178
A49: 22 | B49: VARIOS | C49: =+PLACOT_VI!K120 -> 0.043398146
B51: TOTAL | C51: =SUM(C7:C50) -> 1

Sheet GI
E1: Obra: LABORATORIO DE CONTROL DE CALIDAD Y AMPLICION DE DEPENDENCIAS PARA PERSONAL DE MATERIAL RODANTE EN VICTORIA PCIA DE BA.
E2: LMT_OC_086
E3: PLANILLA DE GASTOS INDIRECTOS
E5: Referencias MO | G5: Basico | H5: Aportes | J5: TOTAL H
D6: 1 | E6: Oficial especializado | G6: 102.43 | H6: 2.2 | J6: =G6*H6 -> 225.346
D7: 2 | E7: 1/2 OFICIAL | G7: 80.47 | H7: 2.2 | J7: =G7*H7 -> 177.034
D8: 3 | E8: Ayudante | G8: 73.88 | H8: 2.2 | J8: =G8*H8 -> 162.536
B10: =SUM(B12:B131) -> 1124367 | D10: ITEM | E10: Costo indirecto | F10: Cant | G10: Precio | H10: Coef. Aporte | I10: Meses | J10: Monto Basico
A12: =+B12/$B$10 -> 0.51202142 | B12: =SUM(J13:J22) -> 575700 | D12: 1 | E12: Supervision de Obra | I12: 6 | J12: =+SUM(J13:J22) -> 575700
D13: 1.1 | E13: Jefe de Obra | F13: 1 | G13: 71500 | H13: 0.3 | I13: 6 | J13: =+G13*H13*I13 -> 128700
D14: 1.2 | E14: Jefe de Obra C.Soc. | F14: 1 | G14: 14300 | H14: 0.3 | I14: 6 | J14: =+G14*H14*I14 -> 25740
D15: 1.3 | E15: Estacionam | F15: 0 | G15: 300 | H15: 0 | I15: 0 | J15: =+G15*H15*I15 -> 0
D16: 1.5 | E16: Oficina tecnica | F16: 0 | G16: 18000 | H16: 0 | I16: 0 | J16: =+G16*H16*I16 -> 0
D17: 1.6 | E17: Viajes J.de O.+viatico | F17: 0 | G17: 500 | H17: 0 | I17: 0 | J17: =+G17*H17*I17 -> 0
D18: 1.7 | E18: Capataz | F18: 1 | G18: 30175 | H18: 1 | I18: 6 | J18: =+G18*H18*I18 -> 181050
D19: 1.8 | E19: Capataz de Obra C.Soc. | F19: 1 | G19: 6035 | H19: 1 | I19: 6 | J19: =+G19*H19*I19 -> 36210
D20: 1.9 | E20: Oficina Central | F20: 1 | G20: 300000 | H20: 0.1 | I20: 6 | J20: =+G20*H20*I20 -> 180000
D21: 1.10 | E21: Viajes a obra Gte. | F21: 0 | G21: 500 | H21: 0 | I21: 1 | J21: =+G21*H21*I21 -> 0
D22: 1.11 | E22: Contador | F22: 1 | G22: 40000 | H22: 0.1 | I22: 6 | J22: =+G22*H22*I22 -> 24000
A24: =+B24/$B$10 -> 0.12489507 | B24: =SUM(J25:J35) -> 140427.9 | D24: 2 | E24: Mano de Obra Indirecta y Directa | J24: =+SUM(J25:J35) -> 140427.9
D25: 2.1 | E25: Mano obra oficiales | F25: 0 | G25: 225.346 | H25: 0 | I25: 1 | J25: =+G25*H25*I25 -> 0
D26: 2.2 | E26: Mano obra ayudantes | F26: 0 | G26: 162.536 | H26: 0 | I26: 1 | J26: =+G26*H26*I26 -> 0
D27: 2.3 | E27: Limpieza de Obra | F27: 0 | G27: 85819.008 | H27: 0 | I27: 1 | J27: =+G27*H27*I27 -> 0
D28: 2.4 | E28: Limpieza de Obra Final | F28: 0 | G28: 85819.008 | H28: 0 | I28: 1 | J28: =+G28*H28*I28 -> 0
D29: 2.5 | E29: Insumos de limpieza Final | F29: 0 | G29: 5000 | H29: 0 | I29: 1 | J29: =+G29*H29*I29 -> 0
D30: 2.6 | E30: Gruista | F30: 0 | G30: 1500 | H30: 0 | I30: 1 | J30: =+G30*H30*I30 -> 0
D31: 2.7 | E31: Pañolero | F31: 0 | G31: 9152 | H31: 0 | I31: 1 | J31: =+G31*H31*I31 -> 0
D32: 2.8 | E32: Mantenimiento equipos | F32: 1 | G32: 40000 | H32: 0.2 | I32: 6 | J32: =+G32*H32*I32 -> 48000
D33: 2.9 | E33: Mantenimiento mano de obra | F33: 0 | G33: 9152 | H33: 0 | I33: 1 | J33: =+G33*H33*I33 -> 0
D34: 2.10 | E34: UOCRA/Policia | F34: 1 | G34: 2000 | H34: 1 | I34: 6 | J34: =+G34*H34*I34 -> 12000
D35: 2.11 | E35: Sereno | F35: 1 | G35: 13404.65 | H35: 1 | I35: 6 | J35: =+G35*H35*I35 -> 80427.9
A37: =+B37/$B$10 -> 0.031792434 | B37: =SUM(J38:J65) -> 35746.364 | D37: 3 | E37: Instalaciones de Obra | J37: =+SUM(J38:J65) -> 35746.364
D38: 3.1 | E38: Cartel de Obra | F38: 1 | G38: 10346.364 | H38: 1 | I38: 1 | J38: =+G38*H38*I38 -> 10346.364
D39: 3.2 | E39: Gastos funcionamiento e inspección de obra ART. 2,7,11 | F39: 0 | G39: 15000 | H39: 0 | I39: 1 | J39: =+G39*H39*I39 -> 0
D40: 3.3 | E40: Oficina Jefe de Obra /capataz (a compartir c/inspec) | F40: 0 | G40: 5733.3333 | H40: 0 | I40: 1 | J40: =+G40*H40*I40 -> 0
D41: 3.4 | E41: Almacen | F41: 0 | G41: 4916.6667 | H41: 0 | I41: 1 | J41: =+G41*H41*I41 -> 0
D42: 3.5 | E42: Aseos (Baño individual quimico s/ ducha) | F42: 0 | G42: =3*1133.33333333333 -> 3400 | H42: 1 | I42: 6 | J42: =+G42*H42*I42 -> 20400
D43: 3.6 | E43: Vestuario | F43: 0 | G43: 4533.3333 | H43: 0 | I43: 1 | J43: =+G43*H43*I43 -> 0
D44: 3.7 | E44: Traslados containers + gruas | F44: 2 | G44: 2500 | H44: 1 | I44: 2 | J44: =+G44*H44*I44 -> 5000
D45: 3.8 | E45: Alquiler vivienda+ gastos | F45: 0 | G45: 1 | H45: 0 | I45: 1 | J45: =+G45*H45*I45 -> 0
D46: 3.9 | E46: Equipam Inspeccion/ ODOMETROS/ DISTANCIONAMETROS/ LUXIMETROS | F46: 0 | G46: 7500 | H46: 0 | I46: 1 | J46: =+G46*H46*I46 -> 0
D47: 3.10 | E47: Movilidad Inspeccion | F47: 0 | G47: 3500 | H47: 0 | I47: 1 | J47: =+G47*H47*I47 -> 0
D48: 3.10 | E48: Oficina 2,5 x 3 incl Aire | F48: 0 | G48: 10000 | H48: 0 | I48: 1 | J48: =+G48*H48*I48 -> 0
D49: 3.11 | E49: Equipo Aire | F49: 0 | G49: 15000 | H49: 0 | I49: 1 | J49: =+G49*H49*I49 -> 0
D50: 3.12 | E50: Mobiliario | F50: 0 | G50: 20000 | H50: 0 | I50: 1 | J50: =+G50*H50*I50 -> 0
D51: 3.13 | E51: Computadoras TIPO NOTEBOOK | F51: 0 | G51: 35000 | H51: 0 | I51: 1 | J51: =+G51*H51*I51 -> 0
D52: 3.14 | E52: Monitor 19" | F52: 0 | G52: 1249 | H52: 0 | I52: 1 | J52: =+G52*H52*I52 -> 0
D53: 3.15 | E53: CPU Intel Core7 | F53: 0 | G53: 55000 | H53: 0 | I53: 1 | J53: =+G53*H53*I53 -> 0
D54: 3.16 | E54: Detector de Conductos | F54: 0 | G54: 4866.9421 | H54: 0 | I54: 1 | J54: =+G54*H54*I54 -> 0
... D65: 3.27 | E65: Alquiler Camioneta | F65: 0 | G65: 25000 | H65: 0 | I65: 1 | J65: =+G65*H65*I65 -> 0
A67: =+B67/$B$10 -> 0 | B67: =SUM(J68:J74) -> 0 | D67: 4 | E67: Funcionamiento de Obra | J67: =+SUM(J68:J74) -> 0
D68: 4.1 | E68: Derechos de Obra (excento) -Planos municipales | F68: 0 | G68: 6000 | H68: 0 | I68: 1 | J68: =+G68*H68*I68 -> 0
D69: 4.2 | E69: Proyecto HA | F69: 0 | G69: 66800 | H69: 0 | I69: 1 | J69: =+G69*H69*I69 -> 0
D70: 4.3 | E70: Proyecto Arq. | F70: 0 | G70: 45000 | H70: 0 | I70: 1 | J70: =+G70*H70*I70 -> 0
D71: 4.4 | E71: Proy inst. ( elec+sanit+gases+aire) | F71: 0 | G71: 120000 | H71: 0 | I71: 1 | J71: =+G71*H71*I71 -> 0
D72: 4.5 | E72: Tramite Impacto Ambintal | F72: 0 | G72: 20000 | H72: 0 | I72: 1 | J72: =+G72*H72*I72 -> 0
D73: 4.6 | E73: Consumo ENERGÍA | F73: 0 | G73: 2700 | H73: 0 | I73: 1 | J73: =+G73*H73*I73 -> 0
D74: 4.7 | E74: Consumo Telefono | F74: 0 | G74: 4000 | H74: 0 | I74: 1 | J74: =+G74*H74*I74 -> 0
A76: =+B76/$B$10 -> 0.10975064 | B76: =SUM(J77:J91) -> 123400 | D76: 5 | E76: Equipos de Obra | J76: =+SUM(J77:J91) -> 123400
D77: 5.1 | E77: Gastos camioneta | F77: 1 | G77: 8000 | H77: 1 | I77: 6 | J77: =+G77*H77*I77 -> 48000
D78: 5.2 | E78: Camioneta | F78: 0 | G78: 40000 | H78: 0 | I78: 1 | J78: =+G78*H78*I78 -> 0
D79: 5.3 | E79: Balancines | F79: 0 | G79: 2500 | H79: 0 | I79: 1 | J79: =+G79*H79*I79 -> 0
D80: 5.4 | E80: Montacargas | F80: 0 | G80: 30000 | H80: 0 | I80: 1 | J80: =+G80*H80*I80 -> 0
D81: 5.5 | E81: Cerco de obra (solo vallado de madera) | F81: 0 | G81: 5000 | H81: 0 | I81: 1 | J81: =+G81*H81*I81 -> 0
D82: 5.6 | E82: Alquileres varios | F82: 0 | G82: 2000 | H82: 0 | I82: 1 | J82: =+G82*H82*I82 -> 0
D83: 5.7 | E83: Gruas bajada equipos | F83: 0 | G83: 2500 | H83: 0 | I83: 1 | J83: =+G83*H83*I83 -> 0
D84: 5.8 | E84: Bomba achique | F84: 1 | G84: 3500 | H84: 1 | I84: 1 | J84: =+G84*H84*I84 -> 3500
D85: 5.9 | E85: Vibrador | F85: 1 | G85: 3500 | H85: 1 | I85: 1 | J85: =+G85*H85*I85 -> 3500
D86: 5.10 | E86: Herramientas y utiles , cajas consumibles | F86: 0 | G86: 20000 | H86: 0 | I86: 1 | J86: =+G86*H86*I86 -> 0
D87: 5.11 | E87: Elementos de Seguridad ; ropa; etc | F87: 0 | G87: 20000 | H87: 0 | I87: 1 | J87: =+G87*H87*I87 -> 0
D88: 5.12 | E88: Elementos de seguridad via publica | F88: 0 | G88: 3000 | H88: 0 | I88: 1 | J88: =+G88*H88*I88 -> 0
... D91: 5.15 | E91: Fletes | F91: 1 | G91: 2000 | H91: 3 | I91: 6 | J91: =+G91*H91*I91 -> 36000
G92: ,
A93: =+B93/$B$10 -> 0.0066704197 | B93: =SUM(J94:J99) -> 7500 | D93: 6 | E93: Gastos Oficinas de Obra | J93: =+SUM(J94:J100) -> 7500
D94: 6.1 | E94: Computadora | F94: 0 | G94: 5000 | H94: 0 | I94: 1 | J94: =+G94*H94*I94 -> 0
D95: 6.2 | E95: Fotos | F95: 0 | G95: 2000 | H95: 0 | I95: 1 | J95: =+G95*H95*I95 -> 0
D96: 6.3 | E96: Telefono inspeccion | F96: 0 | G96: 1000 | H96: 0 | I96: 1 | J96: =+G96*H96*I96 -> 0
D97: 6.4 | E97: Fotocopias /Impresiones | F97: 1 | G97: 5000 | H97: 0.25 | I97: 6 | J97: =+G97*H97*I97 -> 7500
D98: 6.5 | E98: Mobiliario | F98: 0 | G98: 3000 | H98: 0 | I98: 1 | J98: =+G98*H98*I98 -> 0
D99: 6.6 | E99: Gastos mensuales oficna obra | F99: 0 | G99: 5000 | H99: 0 | I99: 0 | J99: =+G99*H99*I99 -> 0
A101: =+B101/$B$10 -> 0.050873068 | B101: =SUM(J102:J109) -> 57200 | D101: 7 | E101: Gastos Profesionales | J101: =+SUM(J102:J109) -> 57200
D102: 7.1 | E102: Ing.seg.e Higiene | F102: 1 | G102: 25000 | H102: 0.2 | I102: 6 | J102: =+G102*H102*I102 -> 30000
D103: 7.2 | E103: Ing. Seguridad excavaciones | F103: 1 | G103: 14000 | H103: 1 | I103: 1 | J103: =+G103*H103*I103 -> 14000
D104: 7.3 | E104: Planos y copias y Conforme obra | F104: 1 | G104: 6000 | H104: 1 | I104: 1 | J104: =+G104*H104*I104 -> 6000
D105: 7.4 | E105: Topografo | F105: 0 | G105: 36000 | H105: 0.2 | I105: 1 | J105: =+G105*H105*I105 -> 7200
D106: 7.5 | E106: Asesor 1 | F106: 0 | G106: 51342.72 | H106: 0 | I106: 1 | J106: =+G106*H106*I106 -> 0
D107: 7.6 | E107: Asesor 2 | F107: 0 | G107: 51342.72 | H107: 0 | I107: 1 | J107: =+G107*H107*I107 -> 0
D108: 7.7 | E108: Asesor 3 | F108: 0 | G108: 51342.72 | H108: 0 | I108: 1 | J108: =+G108*H108*I108 -> 0
D109: 7.8 | E109: Asesor 4 | F109: 0 | G109: 51342.72 | H109: 0 | I109: 1 | J109: =+G109*H109*I109 -> 0
H110: ,
A111: =+B111/$B$10 -> 0.16399695 | B111: =SUM(J112:J121) -> 184392.76 | D111: 8 | E111: Seguros | J111: =+SUM(J112:J121) -> 184392.76
D112: 8.1 | E112: Seguro robo | F112: 0 | G112: 1000 | H112: 0 | I112: 0 | J112: =+G112*H112*I112 -> 0 | K112: trim | N112: Seguro Resp.Civil
D113: 8.2 | E113: Gtia de Fdo Rro (trim) | F113: 1 | G113: 8000 | H113: 1 | I113: 2 | J113: =+G113*H113*I113 -> 16000 | K113: trim | N113: Seguro de Riesgo de Trabajo
D114: 8.3 | E114: Seguro c/ incendio | F114: 0 | G114: 2000 | H114: 0 | I114: 0 | J114: =+G114*H114*I114 -> 0 | K114: trim | N114: Seguro de vida Obligatorio
D115: 8.4 | E115: Seguro Resp.Civil | F115: 1 | G115: 26800 | H115: 1 | I115: 1 | J115: =+G115*H115*I115 -> 26800 | K115: semestre | N115: Seguro Obrero (ART)
D116: 8.5 | E116: Seguro Inspeccion de obra | F116: 0 | G116: 700 | H116: 0 | I116: 0 | J116: =+G116*H116*I116 -> 0 | K116: semestre | N116: Seguro Accidentes Personales
D117: 8.6 | E117: Garantia de Anticipo Financiero | F117: 1 | G117: 17400 | H117: 1 | I117: 1 | J117: =+G117*H117*I117 -> 17400 | K117: semestre | N117: Seguro Todo riesgo de obra
D118: 8.7 | E118: Garantia de Contrato | F118: 0 | G118: 670 | H118: 0 | I118: 0 | J118: =+G118*H118*I118 -> 0 | K118: trim | N118: Garantia de Mantenimiento de Oferta
D119: 8.8 | E119: Seguro Obrero (ART) | F119: 1 | G119: =0.0983*(G13+G14+G18+G19+G35+G102*H102+G103/6) -> 14032.127 | H119: 1 | I119: 6 | J119: =+G119*H119*I119 -> 84192.761 | K119: Meses | N119: Garantia de Fondo Reparo (trim)
D120: 8.9 | E120: Seguro Ambiental | F120: 0 | G120: 1000 | H120: 0 | I120: 0 | J120: =+G120*H120*I120 -> 0 | N120: Garantia de Fiel Cumplimiento X el 10% del MC
...

Sheet PLACOT
C1: Obra: LABORATORIO DE CONTROL DE CALIDAD Y AMPLICION DE DEPENDENCIAS PARA PERSONAL DE MATERIAL RODANTE EN VICTORIA PCIA DE BA.
C2: LMT_OC_086
C3: PLANILLA DE COTIZACION
B5: ITEM | C5: DESCRIPCION | D5: U/Medida | E5: Cantidad | F5: Precio Unitario | G5: Precio Total | H5: Subtotal Ítem
B7: 21.1 | C7: TAREAS PRELIMINARES | H7: =+G8+G9+G10 -> 0
B8: 21.1.1 | C8: Demoliciones y retiro de producido | D8: m3 | E8: 15 | F8: 0 | G8: 0
B9: 21.1.2 | C9: Proyecto ejecutivo y Memoria Tecnica (Incluye replanteo) | D9: Gl. | E9: 1 | F9: 0 | G9: 0
B10: 21.1.3 | C10: Obrador, vallado y señalizacion. | D10: Gl. | E10: 1 | F10: 0 | G10: 0
B11: 21.2 | C11: MOVIMIENTO DE SUELOS | H11: =SUM(G12:G12) -> 0
B12: 21.2.1 | C12: Excavacion / Zanjeo para fundaciones | D12: m3 | E12: 30 | F12: 0 | G12: 0
B13: 21.3 | C13: HORMIGON ARMADO / CONTRAPISO | H13: =SUM(G15:G22) -> 0
B14: 21.3.1 | C14: ESTRUCTURA RESISTENTE
B15: 21.3.1.1 | C15: Bases (Incluye estudio de suelos y memoria de caluculo) | D15: m3 | E15: 10 | F15: 0 | G15: 0
B16: 21.3.1.2 | C16: Vigas de Fundacion (Incluye presntacion de memoria de calculo) | D16: m3 | E16: 6 | F16: 0 | G16: 0
B17: 21.3.1.3 | C17: Columnas (Incluye presntacion de memoria de calculo) | D17: m3 | E17: 6 | F17: 0 | G17: 0
B18: 21.3.1.4 | C18: Vigas (Incluye presntacion de memoria de calculo) | D18: m3 | E18: 8 | F18: 0 | G18: 0
B19: 21.3.1.5 | C19: Losas entrepiso (Incluye presntacion de memoria de calculo) | D19: m3 | E19: 11.5 | F19: 0 | G19: 0
B20: 21.3.1.7 | C20: Platea de Hormigon | D20: m3 | E20: 1.2 | F20: 0 | G20: 0
B21: 21.3.1.8 | C21: Escalera (Incluye presentacion de memoria de calculo) | D21: esc | E21: 22 | F21: 0 | G21: 0
B22: 21.3.1.6 | C22: Contrapisos de hormigon de cascotes (Incluye presntacion de memoria de calculo) | D22: m3 | E22: 14 | F22: 0 | G22: 0
B23: 21.4 | C23: MAMPOSTERIA | H23: =SUM(G24:G26) -> 0
B24: 21.4.1 | C24: Mamposteria de bloques de hormigon | D24: m2 | E24: 285 | F24: 0 | G24: 0
B25: 21.4.2 | C25: Mamposteria de 12cm de espesor ladrillo ceramico hueco | D25: m2 | E25: 120 | F25: 0 | G25: 0
B26: 21.4.3 | C26: Mamposteria de 8 cm de esp de ladrillo ceramico hueco | D26: m2 | E26: 30 | F26: 0 | G26: 0
B27: 21.5 | C27: AISLACIONES HIDROFUGAS | H27: =SUM(G28:G29) -> 0
B28: 21..5.1 | C28: Cajón Hidrofugos en muros | D28: m2 | E28: 50 | F28: 0 | G28: 0
B29: 21..5.2 | C29: Aislacion hidrofuga Horizontal (Film 200 µm) | D29: m2 | E29: 100 | F29: 0 | G29: 0
B30: 21.6 | C30: CUBIERTAS | H30: =SUM(G31:G32) -> 0
B31: 21.6.1 | C31: De perfiles de hierro laminado y chapa galvanizada ondulada tipo cincalum | D31: m2 | E31: 90 | F31: 0 | G31: 0
B32: 21.6.2 | C32: Desagüe pluvial | D32: gl | E32: 1 | F32: 0 | G32: 0
B33: 21.7 | C33: DESAGÚES Y DRENAJES | H33: =SUM(G34:G34) -> 0
B34: 21.7.1 | C34: Perfilado de zanja | D34: m3 | E34: =10*0.3*0.6 -> 1.8 | F34: 0 | G34: 0
B35: 21.8 | C35: REVOQUES | H35: =SUM(G36:G38) -> 0
B36: 21.8.1 | C36: Impermeable | D36: m2 | E36: 260 | F36: 0 | G36: 0
B37: 21.8.2 | C37: Jaharro | D37: m2 | E37: 502 | F37: 0 | G37: 0
B38: 21.8.3 | C38: Enlucido | D38: m2 | E38: 470 | F38: 0 | G38: 0
B39: 21.9 | C39: CONSTRUCCCION EN SECO | H39: =SUM(G41)+G43 -> 0
C40: CIELORRASO
B41: 21.9.1 | C41: Cielorraso desmontable | D41: m2 | E41: 120 | F41: 0 | G41: 0
C42: TABIQUES
B43: 21.9.1 | C43: Tabique divisorio de vidrio | D43: m2 | E43: =4.65*3.3 -> 15.345 | F43: 0 | G43: 0
B44: 21.10 | C44: REVESTIMIENTOS | H44: =SUM(G45:G46) -> 0
B45: 21.10.1 | C45: Provision y Colocacion de revestimiento ceramico en locales humedos. San Lorenzo 30 x 40 Moro Hueso | D45: m2 | E45: 40 | F45: 0 | G45: 0
B46: 21.10.2. | C46: Espejo 4 mm templado | D46: m2 | E46: 5 | F46: 0 | G46: 0
B47: 21.11 | C47: SOLADOS | H47: =SUM(G48:G49) -> 0
B48: 21.11.1 | C48: Povision y colocacion de porcellanato de 60x60cm | D48: m2 | E48: 31 | F48: 0 | G48: 0
B49: 21.11.2 | C49: Solado cemento alisado o cilindrado 1°capa (1:3) de 2 cm, 2° capa(1:2) de 5 mm. 3° capa alisada con cemento puro, | D49: un | E49: 180 | F49: 0 | G49: 0
B50: 21.12 | C50: ZOCALOS | H50: =SUM(G51) -> 0
B51: 21.12.1 | C51: Zócalos de porcellanato de 60x10 cm | D51: ml | E51: 23 | F51: 0 | G51: 0
B52: 21.13 | C52: CARPINTERÍA | H52: =SUM(G53:G63)+H53 -> 0
B53: 21.13.1 | C53: Provision y colocacion P01 salida de emergencia metalica contrafuego F60 | D53: un | E53: 2 | F53: 0 | G53: 0 | I53: 0.04
B54: 21.13.2 | C54: Provision y colocacion P02 Porton de Laboratorio | D54: un | E54: 1 | F54: 0 | G54: 0
B55: 21.13.3 | C55: Provision y colocacion P03 puerta bajo escalera | D55: un | E55: 1 | F55: 0 | G55: 0
B56: 21.13.4 | C56: Provision y colocacion P04 puerta placa retrete corta 0.70 x 1,60 | D56: un | E56: 4 | F56: 0 | G56: 0
B57: 21.13.5 | C57: Provision y colocacion P05 puerta placa | D57: un | E57: 7 | F57: 0 | G57: 0
B58: 21.13.6 | C58: Provision y colocacion de V1 Ventiluz 60 x 900 | D58: un | E58: 13 | F58: 0 | G58: 0
B59: 21.13.7 | C59: Provision y colocacion V2 90x 100 Oscilovatiente | D59: un | E59: 14 | F59: 0 | G59: 0
B60: 21.13.8 | C60: Provision y colocacion de V3 Ventana fija 30 x 90 | D60: un | E60: 14 | F60: 0 | G60: 0
B61: 21.13.9 | C61: Provision y colocacion V4 110x 100 Oscilovatiente | D61: un | E61: 4 | F61: 0 | G61: 0
B62: 21.13.10 | C62: Provision y colocacion de V5 Ventana fija 30 x 110 | D62: un | E62: 8 | F62: 0 | G62: 0
B63: 21.13.12 | C63: Vidrios 4mm | D63: m2 | E63: 32 | F63: 0 | G63: 0
B64: 22.14 | C64: INSTALACIÓN ELÉCTRICA | H64: =SUM(G65:G74) -> 0
B65: 22.14.1 | C65: Nueva instalacion electrica (Incluye Proyecto Ejecutivo, monofasica, trifasica y Ayuda de Gremios) | D65: Gl. | E65: 1 | F65: 0 | G65: 0
B66: 21.14.2 | C66: Instalacion x bocas | D66: un | E66: 55 | F66: 0 | G66: 0
C67: Artefactos
B68: 21.14.7 | C68: Iluminacion de Emergencia | D68: un | E68: 11 | F68: 0 | G68: 0
B69: 21.14.8 | C69: kevin etl 500 | D69: un | E69: 23 | F69: 0 | G69: 0
B70: 21.14.9 | C70: Marca Lucciola modelo Evoluzzione LED (CXD-030) o superior calidad, medidas 47 x 47 cm con louver doble parabólico | D70: un | E70: 6 | F70: 0 | G70: 0
B71: 21.14.10 | C71: Marca Lumenac modelo Marea LED del tipo hermético o superior, con protección de policarbonato traslucido abisagrada al cuerpo. Incluyen tubos LEDs 2x18/20w 4000k. | D71: un | E71: 7 | F71: 0 | G71: 0
B72: 21.14.11 | C72: Artefactos de iluminación de embutir en cielorraso en sector oficinas, los cuales serán nuevos y en perfecto estado, marca Lucciola modelo Halley LED (RXD-030) o superior calidad, medidas 60 x 60 cm con louver doble parabólico. Incluye lámpara LED de 30w | D72: un | E72: 8 | F72: 0 | G72: 0
B73: 21.14.12 | C73: Indicador de salida con lampara led | D73: un | E73: 6 | F73: 0 | G73: 0
B74: 21.14.13 | C74: Proyector PRL 756 50W | D74: un | E74: 4 | F74: 0 | G74: 0
B75: 21.15 | C75: PINTURA | H75: =SUM(G76:G79) -> 0
B76: 21.15.1 | C76: Látex s Interior (enduido completo 1 mano de fijador y 2 manos de pintura) | D76: m2 | E76: =+E36+E37 -> 762 | F76: 0 | G76: =+F76*E76 -> 0
B77: 21.15.2 | C77: Esmalte sintetico en aberturas, barandas y portones | D77: m2 | E77: 82 | F77: 0 | G77: =+F77*E77 -> 0
B78: 21.15.3 | C78: Impermeabililzacion Ladrilloss exteriores con impregnacion hidrorrepelente tipo Sikaguard 700 s o calidad superior | D78: m2 | E78: 285 | F78: 0 | G78: =+F78*E78 -> 0
B79: 21.15.4 | C79: Pintura epoxi | D79: m2 | E79: 100 | F79: 0 | G79: =+F79*E79 -> 0
B80: 21.16 | C80: EQUIPAMIENTO/ MESADAS | H80: =SUM(G82:G88) -> 0
C81: Equipamiento
B82: 21.16.1 | C82: Heladera 335 litros | D82: un | E82: 1 | F82: 0 | G82: 0
B83: 21.16.2 | C83: Microondas 23 litros con grill | D83: un | E83: 1 | F83: 0 | G83: 0
B84: 21.16.3 | C84: Extractor | D84: un | E84: 3 | F84: 0 | G84: 0
C85: Mesada
B86: 21.16.64 | C86: Mesda de Granito Gris Mara 2,5 m espesor (Incluye traforos) | D86: m2 | E86: 11 | F86: 0 | G86: 0
B87: 21.16.4.1 | C87: Zocalos y frentines en Ganito Gris Mara | D87: ML | E87: 14 | F87: 0 | G87: 0
B88: 21.16.5 | C88: Muebles bajomesada y alacenas | D88: Ml | E88: =3+2+3.38 -> 8.38 | F88: 0 | G88: 0
B89: 21.17 | C89: INSTALACIÓN SANITARIA | H89: =SUM(G90:G106) -> 0
B90: 21.17.1 | C90: Nueva instlacion SANITARIA (Incluye Proyecto Ejecutivo)(Incluye pases en losas) (Incluye Ayuda de Gremios) | D90: Gl. | E90: 1 | F90: 0 | G90: 0
B91: 21.17.2 | C91: Tanque de polietileno rotomoldeado tricapa 1000lt (Incluye Colector) | D91: un | E91: 2 | F91: 0 | G91: 0
B92: 21.17.3 | C92: Termotanque electrico | D92: un | E92: 1 | F92: 0 | G92: 0
C93: Porcelana Sanitaria y Accesorios B° Damas y Caballeros (Incluye Prov. y Colocación)
B94: 21.17.4 | C94: Inodoro Andina Ferrum o calidad superior Incluye asiento + valvula FV | D94: un | E94: 4 | F94: 0 | G94: 0
B95: 21.17.5 | C95: Bacha de A°I° Ovalada | D95: un | E95: 4 | F95: 0 | G95: 0
B96: 21.17.6 | C96: Griferia Lavatorio Kansas Plus | D96: un | E96: 4 | F96: 0 | G96: 0
B97: 21.17.7 | C97: Mingitorio Mural incluye valvula automatica de descarga | D97: un | E97: 2 | F97: 0 | G97: 0
B98: 21.17.8 | C98: Canilla de Servicio | D98: un | E98: 3 | F98: 0 | G98: 0
B99: 21.17.9 | C99: Griferia de ducha kansas plus | D99: un | E99: 1 | F99: 0 | G99: 0
B100: 21.17.10 | C100: Porta Rollo Ceramico | D100: un | E100: 4 | F100: 0 | G100: 0
B101: 21.17.11 | C101: Percha ceramica para empotrar | D101: un | E101: 4 | F101: 0 | G101: 0
B102: 21.17.12 | C102: Jabonera 15x15 con agarradera blanca | D102: un | E102: 1 | F102: 0 | G102: 0
...

Sheet Redeterminación de precios
B1: Anexo VII. Metodología para la Redeterminación de Precios.
B3: I. Expresiones Generales de Aplicación.
B6: I.1- Fórmula General del Precio Redeterminado de la Obra Faltante.
C8: Pi = P0 x [Af x (0,10 + 0,9 x Fra) + (1 - Af) x (0,10 + 0.9 x Fri)]
B11: Donde:
B12: Pi | C12: Precio de la obra faltante redeterminado (I: nueva redeterminación)
B13: P0 | C13: Precio de la obra faltante al momento de la redeterminación, expresada en valores básicos de contrato.
B14: Af | C14: Anticipo financiero expresado en tanto por uno.
B15: Fri | C15: Factor de reajuste de la redeterminación identificada como "i".
B16: Fra | C16: Factor de reajuste en la redeterminación vigente al momento de la certificación del anticipo, completar en números con dos decimales. Si el anticipo no se hubiera certificado al momento de la redeterminación de precios, será reemplazado por Fri.
B20: I.2- Fórmula General del Factor de Reajuste.
C22: Fri = [αM x FMi + αEM x FEMi + αM0 x (MOi / MO0) + αT x (Ti / T0) + αCL x (CLi / CL0)] x {1 + k x (CFi - CF0 / CF0)}
B26: Donde:
B28: Fmi | C28: Factor de variación de precios del componente Materiales.
C29: Mediante la expresión matemática que se desarrolla, pondera las variaciones de los precios de los principales materiales de cada obra.
B30: FEMi | C30: Factor de variación de precios del componente Equipos y Máquinas.
C31: Mediante la expresión matemática que se desarrolla, pondera la variación de los precios correspondientes a utilización de equipo de construcción (amortización, repuestos y reparaciones)
B32: MOi / MO0 | C32: Factor de variación de precios del componente Mano de Obra
C33: Es la relación entre el indicador de precio correspondiente al mes de la redeterminación (MOi) y el indicador de precio al mes Base (MO0)
B34: Ti / T0 | C34: Factor de variación de precios del componente Transporte Carretero
C35: Es la relación entre el indicador de precio correspondiente al mes de la redeterminación (Ti) y el indicador de precio al mes Base (T0)
B36: CLi / CL0 | C36: Factor de variación de precios del componente Combustible y Lubricantes
C37: Es la relación entre el indicador de precio correspondiente al mes de la redeterminación (CLi) y el indicador de precio al mes Base (CL0)
B38: α | C38: Coeficientes de ponderación
C39: Representan la incidencia del costo de los componentes en el costo directo total de la obra. Costo directo es el precio total menos los impuestos, la utilidad, el costo financiero, los gastos indirectos y los gastos generales.
B41: CFi - CF0 / CF0 | C41: Factor de variación del componente Costo Financiero
C42: Se calcula según las siguientes expresiones:
C43: CFi = (1 + ii / 12)^n/30 - 1 | F43: CFi = (1 + ii / 12)^n/30 - 1
B44: ii | C44: Indicador correspondiente al Costo Financiero
C45: Es la Tasa Nominal Anual Activa a 30 días del Banco de la Nación Argentina expresada en coeficiente, considerando el valor del día 15 del mes de la redeterminación, o en su defecto el día hábil posterior.
B46: i0 | C46: Idem anterior, considerando el valor del día 15 del mes Base del Contrato, o en su defecto el día hábil posterior.
B47: n | C47: Días de plazo establecidos para el pago de los certificados.
B48: K | C48: Coeficiente de ponderación del costo financiero. Se adopta 0,01
B50: I.3- Fórmula General de la Variación de precios del componente Materiales
C52: FMi = βM1 x (M1i / M10) + βM2 x (M2i / M20) + βM3 x (M3i / M30) + … + βMn x (Mni / Mn0)
B56: Donde:
B58: M1; M2; … Mn | C58: Precios o indicadores de precios de los distintos materiales considerados
C59: Según corresponda, del mes de redeterminación "i" o del mes básico "0"
B60: βM1; βM2; … βMn1 | C60: Coeficientes de ponderación de los materiales
C61: Representan la incidencia de los n materiales más representativos en el costo-costo total del componente materiales.
B63: I.4- Fórmula General la Variación de precios del componente Equipos y Máquinas.
B65: Se evaluará aplicando la siguiente expresión que pondera la variación de los subcomponentes Amortización de Equipos (AE) y Reparaciones y Repuestos (RR) de la obra:
C68: FEMi = CAE x (AEi / AE0) + CRR x {0,7 x (AEi / AE0) + 0,3 x (MOi/MO0)}
B72: Donde:
B74: AEi / AE0 | C74: Precios o indicadores de precios de los distintos materiales considerados
C75: Según corresponda, del mes de redeterminación "i" o del mes básico "0"
B76: MOi / MO0 | C76: Factor de variación de precios del componente - Mano de obra
C77: Es la relación entre el indicador de precio correspondiente al mes de la redeterminación (MOi) y el indicador de precio al mes Base (MO0)
B79: CAE; CRR | C79: Coeficientes de ponderación de los subcomponentes Amortización de Equipos "CAE" y Reparaciones y Repuestos "CRR"
C81: Representan la incidencia de estos subcomponentes en el precio total del componente Equipos y Máquinas en el total de la obra recuperación y Debe verificarse que : CAE + CRR = 1
B86: II. Valores de Aplicación para el presente contrato.
B89: Valores a considerar para la fórmula del Factor de Reajuste
B90: Componentes | E90: Factor αn | F90: Índice o Valor a Considerar
B91: Materiales (FM) | E91: 0.48 | F91: Según Fórmula I.3
B92: Equipos y Máquinas (FEM) | E92: 0 | F92: Según Fórmula I.4
B93: Mano de Obra (MO) | E93: 0.52 | F93: Índice "Mano de Obra" cuadro 1.4 de I "Capítulo Mano de Obra" publicado en el marco del decreto 1295/2002" del INDEC informa ("ANEXO INDEC")
B97: Transporte (T) | E97: 0 | F97: Índice Camión con Acoplado; DMT 450km, publicado por Vialidad Nacional para la aplicación del decreto 1295/02
B100: Combustibles y Lubricantes (CL) | E100: 0 | F100: Índice CIIU-3 2320/CPC 33360-1 - Gas Oil - Cuadro IPIB publicado en el marco del decreto 1295/2002" del INDEC informa "ANEXO INDEC"
B106: Valores a considerar para la fórmula del componente Materiales
B107: Material | E107: Factor βn | F107: Índice o Valor a Considerar
B108: Hormigón armado | E108: 0.25 | F108: Cuadro 1.9 Item Hormigón elaborado
B109: Mampostería | E109: 0.22 | F109: Cuadro 1.5 Item Albañilería
B110: Instalación eléctrica | E110: 0.19 | F110: Cuadro 1.5 Item Instalación eléctrica
B111: Instalación sanitaria | E111: 0.12 | F111: IPIB Mayor desag. 2520 36.320-1 Caños y tubos de PVC - Anexo INDEC
B112: Carpintería | E112: 0.11 | F112: Cuadro 1.5 Item Carpintería metálica y de madera
B113: Pintura | E113: 0.11 | F113: IPIB Mayor desag. 2422 35110-3 Pinturas al látex - Anexo INDEC
B115: Valores a considerar para la fórmula del componente Equipos y Máquinas
B116: Componente | E116: Índice o Valor a Considerar
B117: Amortización de Equipos (AE) | E117: Índice Ponderado 35% Tabla SIPM- Importado- Índice Equipos - Amortización de equipo 65% Tabla IPIB-Máquina Vial Autopropulsada- Índice CIIU3 2924/CPC 44427-1 Ambos obtenidos del “ANEXO INDEC”
B120: Mano de Obra (MO) | E120: Índice "Mano de Obra" cuadro 1,4 de I "Capítulo Mano de Obra" publicado en el marco del decreto 1295/2002" del INDEC informa ("ANEXO INDEC")
B123: Coeficiente Amortización CAE | E123: Se adopta 0,7
B124: Coeficiente Rep. Y Rep. CRR | E124: Se adopta 0,3
B127: III. Fórmulas resultantes de aplicación para el presente contrato.
C130: FEMi = 0,7 x (AEi / AE0) + 0,3 x {0,7 x (AEi / AE0) + 0,3 x (MOi / MO0)}
C135: FMi = 0,09 x (M1i / M10) + 0,12 x (M2i / M20) + 0,60 x (M3i / M30) + 0,03 x (M4i / M40) + 0,16 x (M5i / M50)
C140: FRi = [0,34 x FMi + 0,02 x FEMi + 0,54 x (MOi / MO0) + 0,06 x (Ti / T0) + 0,04 x (Cli / CL0)] x {1 + 0,01 x (CFi - CF0 / CF0)}
C145: Pi = P0 x [0,2 x (0,10 + 0,9 x Fra) + (1 - 0,2) x (0,10 + 0,90 x Fri)]
B149: A los efectos del cálculo, todos los valores o índices provenientes de tablas de fuente externa se considerarán con cuatro dígitos significativos, redondeando simétricamente al último dígito significativo.
